 Dungeon Crawl Stone Soup version 0.31-a0-175-g9f7f995f2b (webtiles) character file.

Game seed: 7725103350096588620

24600 qw the Cleaver (level 13, -12/65 HPs)
             Began as a Gargoyle Fighter on June 16, 2023.
             Was a High Priest of Okawaru.
             Mangled by a daeva
             ... wielding a +5 eudemon blade of holy wrath
              (17 damage)
             ... on level 2 of the Abyss.
             The game lasted 00:07:22 (12168 turns).

qw the Cleaver (Gargoyle Fighter)                  Turns: 12168, Time: 00:07:23

Health: -12/65     AC: 33    Str: 24 (25) XL:     13   Next: 14%
Magic:  13/14      EV: 16    Int:  3 (5)  God:    Okawaru [*****.]
Gold:   679        SH:  6    Dex:  9      Spells: 12/12 levels left

rFire   . . .        Y - +4 broad axe (heavy)
rCold   x . .        c - +0 buckler
rNeg    + . .        m - +2 chain mail {rC+}
rPois   inf          u - +2 helmet "Vehies" {rPois}
rElec   +            (no cloak)
rCorr   .            e - +2 pair of gloves
SInv    .            j - +0 pair of boots
Will    .....        n - amulet of faith Stlth
                     a - +5 ring of evasion
HPRegen 0.30/turn    l - +4 ring of protection
MPRegen 0.14/turn

%: random rage (9%), faith
@: heroic, glowing, unable to read, unable to drink
A: sickness immunity, AC +9, negative energy resistance 1, electricity
resistance, torment resistance 1, petrification resistance, [berserk 2],
[deformed body], [deterioration 2], [dopey 2], [frail 2], [low MP 3], [cold
vulnerability 2], [inability to drink after injury 2], [inability to read after
injury 2]
a: Renounce Religion, Heroism, Finesse, Duel


You were on level 2 of the Abyss.
You worshipped Okawaru.
Okawaru was extremely pleased with you.
You visited 3 branches of the dungeon, and saw 14 of its levels.
You visited the Abyss 1 time.
You also visited: Ossuary.

You collected 679 gold pieces.


Innate Abilities, Weirdness & Mutations

You are immune to sickness and miasma.
Your stone body is resilient. (AC +9)
You are immune to poison.
You resist negative energy. (rN+)
You are resistant to electric shocks. (rElec)
You are resistant to unholy torment.
You are immune to petrification.
[You have an uncontrollable temper.]
[Armour fits poorly on your strangely shaped body.]
[Your body often deteriorates upon taking damage.]
[You are very dopey. (Int -4)]
[You are very frail. (-20% HP)]
[Your magical capacity is extremely low. (-30% MP)]
[You are very vulnerable to cold. (rC--)]
[You sometimes lose the ability to drink potions when taking damage.]
[You sometimes lose the ability to read scrolls when taking damage.]


   Skills:
 - Level 10.0(15.0) Fighting
 + Level 13.4(18.4) Axes
 - Level 5.2(10.2) Throwing
 - Level 8.7(13.7) Armour
 - Level 2.0(7.0) Dodging
 - Level 6.1(11.1) Shields
 - Level 10.0 Invocations


You had 12 spell levels left.
You didn't know any spells.
Your spell library was empty.

Inventory:

Hand Weapons
 r - a +1 flail of protection
 s - a +1 flail of holy wrath
 Y - a +4 heavy broad axe (weapon)
Missiles
 h - 8 boomerangs (quivered)
Armour
 c - a +0 buckler (worn)
 e - a +2 pair of gloves (worn)
 j - a +0 pair of boots (worn)
 m - a +2 chain mail of cold resistance (worn)
 t - a +0 plate armour
 u - the +2 helmet "Vehies" (worn) {rPois}
   (Okawaru gifted it to you on level 3 of the Lair of Beasts)

   rPois:     It protects you from poison.
 y - +0 acid dragon scales
Jewellery
 a - a +5 ring of evasion (left hand)
 f - a ring of ice
 l - a +4 ring of protection (right hand)
 n - an amulet of faith (around neck)
 p - a ring of ice
Scrolls
 g - 6 scrolls of identify
Potions
 b - 2 potions of cancellation
 d - 5 potions of might
 i - 3 potions of mutation
 k - 3 potions of resistance
 o - a potion of haste
 q - a potion of magic
 w - a potion of lignification

Dungeon Overview and Level Annotations

Branches:
Dungeon (9/15)             Temple (1/1) D:6            Lair (4/5) D:9
  Swamp (0/4) Lair:3        Snake (0/4) Lair:2      Ossuary (visited)
  Slime: Lair:4-5       Orc: D:9-12

Altars:
Ashenzari
Cheibriados
Dithmenos
Elyvilon
Fedhas
Gozag
Hepliaklqana
Kikubaaqudgha
Makhleb
Nemelex Xobeh
Okawaru
Qazlal
Sif Muna
Trog
Vehumet
Wu Jian
Xom
Yredelemnul
Zin
The Shining One

Annotations:
D:7 1 runed translucent door, Crazy Yiuf
D:8 3 runed translucent doors, qw's ghost, novice GrFi; qw's ghost, novice GrHu; qw's ghost, novice NaHu
Lair:1 2 transporters
Lair:3 3 runed translucent doors, qw's ghost, journeyman NaHu
Lair:4 Sonja


Message History

You gain the combat prowess of a mighty hero.
The neqoxec shouts!
You hear a shout! x2
The smoke demon gestures at you. Something smites you!
The daeva hits you but does no damage. x2
A small abomination comes into view.
A large abomination comes into view.
A raiju comes into view.
The wretched star pulses with an eldritch light!
You feel yourself wasting away.
You feel your body start to fall apart. The neqoxec gestures at you.
You feel dopey. Something feeds on your intellect!
The daeva blocks your attack.
The raiju barks!
The daeva calls down the wrath of the Shining One upon you.
The Shining One smites you!
Your body deteriorates!
You feel weakened.
The raiju bursts into living lightning!
The living lightning hits the raiju.
The raiju completely resists.
The living lightning hits the raiju.
The raiju completely resists.
The living lightning hits you. You resist.
The raiju blinks! x3
The wretched star pulses with an eldritch light!
You occasionally lose the ability to drink potions when taking damage.
You lose the ability to drink potions when taking damage more often.
The daeva barely misses you. The daeva hits you but does no damage.
12167 ||| DRINKING potion of heal wounds.
You feel much better.
A crimson imp comes into view.
You block the raiju's attack.
The raiju bursts into living lightning!
The living lightning hits the raiju.
The raiju completely resists.
The living lightning hits the raiju.
The raiju completely resists.
The living lightning hits you. You resist.
You feel threatened and lose the ability to drink potions!
The raiju blinks! x4; The daeva hits you but does no damage.
The daeva hits you with a +5 eudemon blade of holy wrath!
Your body deteriorates!
You feel dopey. The daeva blocks your attack.
You slice the raiju!! You block the raiju's attack.
The daeva hits you with a +5 eudemon blade of holy wrath!
You die...

.. #... .35#..¤
.*#... xX..¤ ####
#...##...#
#..h#.#.#
#..h#..# #.hA@..#
.%###.##.## . ..
#. ##.# . .
#####.### .#. .#
###.....###.
...5.##...#......
# ...
..#.........# ##
......#
##.........
......
......#....


You could see a daeva, a wretched star, a large abomination, a smoke demon, 3
raiju, a small abomination and a crimson imp.

Vanquished Creatures
  A tentacled starspawn (Abyss:2)
  A hydra (Lair:2)
  A catoblepas (Lair:1)
  A skyshark (Lair:4)
  A wretched star (Abyss:2)
  Pikel (D:5)
  2 black mambas
  11 cane toads
  Maggie (D:7)
  4 rime drakes
  5 komodo dragons
  A tormentor (Abyss:2)
  A troll (D:9)
  2 hornets
  17 blink frogs
  8 yaks
  A ynoxinul (Abyss:2)
  A wyvern (Lair:1)
  A wraith (D:9)
  A large abomination (Abyss:2)
  Eustachio (D:3)
  2 steam dragons
  A basilisk (Lair:1)
  Edmund (D:5)
  An acid dragon (D:9)
  3 swamp worms (Lair:1)
  A small abomination (Abyss:2)
  17 water moccasins
  3 orc warriors
  A sky beast (D:7)
  4 black bears
  12 wolves
  A centaur (shapeshifter) (Abyss:2)
  A centaur (D:9)
  3 lemures (D:5)
  2 elf zombies (Ossuary)
  A phantom (D:6)
  A kobold brigand (D:8)
  7 bullfrogs
  A gnoll sergeant (D:6)
  3 scorpions
  24 wights
  5 killer bees (D:9)
  4 electric eels
  2 howler monkeys (D:7)
  2 quasits (D:8)
  6 hounds
  A jelly (D:5)
  4 orc priests
  A human zombie (Ossuary)
  A sleepcap (D:7)
  10 orc wizards
  3 iguanas (D:6)
  5 mummies
  9 gnolls
  14 adders
  6 white imps
  2 ufetubi
  4 adder zombies (Ossuary)
  2 worms (D:2)
  2 dart slugs
  29 orcs
  8 bats
  8 endoplasms
  3 giant cockroaches
  4 goblins
  7 hobgoblins
  12 kobolds
  2 quokkas
  3 ball pythons
  2 frilled lizards (D:1)
  A goblin zombie (Ossuary)
  A hobgoblin zombie (Ossuary)
  A jackal zombie (Ossuary)
  A kobold zombie (Ossuary)
  7 rats
  A rat zombie (Ossuary)
  3 starspawn tentacles (Abyss:2)
329 creatures vanquished.

Vanquished Creatures (others)
  An orc wizard (D:9)
  An orc (D:9)
2 creatures vanquished.

Grand Total: 331 creatures vanquished

Notes
Turn   | Place    | Note
-------+----------+-------------------------------------------
     0 | D:1      | qw the Gargoyle Fighter began the quest for the Orb.
     0 | D:1      | Reached XP level 1. HP: 14/14 MP: 1/1
     0 | D:1      | 0 ||| qw: Version: 0.2-a-29-g511e9b1
     0 | D:1      | 0 ||| qw: Game counter: 7
     0 | D:1      | 0 ||| qw: Always use a shield: true
     0 | D:1      | 0 ||| qw: God list: Okawaru
     0 | D:1      | 0 ||| qw: Allow faded altars: false
     0 | D:1      | 0 ||| qw: Do Orc after D:15 true
     0 | D:1      | 0 ||| qw: Do second Lair branch before Depths: true
     0 | D:1      | 0 ||| qw: Lair rune preference: random
     0 | D:1      | 0 ||| qw: Plans: Normal, Zot:1-4, Slime:5, God:TSO, Crypt,
                  | Tomb, Abyss, Pan, Hells, Win
     0 | D:1      | 0 ||| PLANNING D:1-11
   115 | D:1      | Reached skill level 2 in Axes
   224 | D:1      | Reached XP level 2. HP: 11/19 MP: 2/2
   295 | D:1      | 295 ||| Stepping ~*~*~tactically~*~*~ (stealth).
   296 | D:1      | 296 ||| Stepping ~*~*~tactically~*~*~ (stealth).
   298 | D:1      | 298 ||| Stepping ~*~*~tactically~*~*~ (stealth).
   305 | D:1      | 305 ||| FLEEEEING.
   307 | D:1      | 307 ||| FLEEEEING.
   309 | D:1      | 309 ||| Stepping ~*~*~tactically~*~*~ (stealth).
   310 | D:1      | 310 ||| FLEEEEING.
   553 | D:1      | Reached skill level 3 in Axes
   668 | D:1      | 668 ||| READING scroll labelled OGEATI KOAJENI.
   669 | D:1      | 669 ||| READING scroll labelled MUKKUBLEE SEIJI.
   670 | D:1      | 670 ||| READING scroll labelled XELOADIADAG.
   671 | D:1      | 671 ||| READING scroll labelled YKKEESIEFI.
   718 | D:2      | Reached XP level 3. HP: 23/23 MP: 3/3
   850 | D:2      | 850 ||| Stepping ~*~*~tactically~*~*~ (stealth).
   852 | D:2      | 852 ||| Stepping ~*~*~tactically~*~*~ (stealth).
  1005 | D:2      | Reached XP level 4. HP: 22/28 MP: 4/4
  1060 | D:2      | Reached skill level 4 in Axes
  1354 | D:2      | 1354 ||| DROPPING +0 club.
  1424 | D:2      | You fall into a shaft and drop 1 floor!
  1435 | D:3      | 1435 ||| UPGRADING to +0 pair of gloves.
  1440 | D:3      | 1440 ||| READING 2 scrolls labelled RUBUDUOCI EBUWA.
  1456 | D:3      | 1456 ||| READING scroll labelled DUOFUM JOASE.
  1457 | D:3      | 1457 ||| Stepping randomly (stuck).
  1458 | D:3      | 1458 ||| Stepping randomly (stuck).
  1459 | D:3      | 1459 ||| Stepping randomly (stuck).
  1460 | D:3      | 1460 ||| Stepping randomly (stuck).
  1461 | D:3      | 1461 ||| Stepping randomly (stuck).
  1462 | D:3      | 1462 ||| Stepping randomly (stuck).
  1463 | D:3      | 1463 ||| Stepping randomly (stuck).
  1464 | D:3      | 1464 ||| Stepping randomly (stuck).
  1465 | D:3      | 1465 ||| Stepping randomly (stuck).
  1466 | D:3      | 1466 ||| Stepping randomly (stuck).
  1467 | D:3      | 1467 ||| Stepping randomly (stuck).
  1468 | D:3      | 1468 ||| Stepping randomly (stuck).
  1469 | D:3      | 1469 ||| Stepping randomly (stuck).
  1470 | D:3      | 1470 ||| Stepping randomly (stuck).
  1471 | D:3      | 1471 ||| Stepping randomly (stuck).
  1472 | D:3      | 1472 ||| Stepping randomly (stuck).
  1473 | D:3      | 1473 ||| Stepping randomly (stuck).
  1474 | D:3      | 1474 ||| Stepping randomly (stuck).
  1475 | D:3      | 1475 ||| Stepping randomly (stuck).
  1476 | D:3      | 1476 ||| Stepping randomly (stuck).
  1477 | D:3      | 1477 ||| Stepping randomly (stuck).
  1478 | D:3      | 1478 ||| Stepping randomly (stuck).
  1479 | D:3      | 1479 ||| Stepping randomly (stuck).
  1480 | D:3      | 1480 ||| Stepping randomly (stuck).
  1481 | D:3      | 1481 ||| Stepping randomly (stuck).
  1482 | D:3      | 1482 ||| Stepping randomly (stuck).
  1483 | D:3      | 1483 ||| Stepping randomly (stuck).
  1484 | D:3      | 1484 ||| Stepping randomly (stuck).
  1485 | D:3      | 1485 ||| Stepping randomly (stuck).
  1486 | D:3      | 1486 ||| Stepping randomly (stuck).
  1487 | D:3      | 1487 ||| Stepping randomly (stuck).
  1488 | D:3      | 1488 ||| Stepping randomly (stuck).
  1489 | D:3      | 1489 ||| Stepping randomly (stuck).
  1490 | D:3      | 1490 ||| Stepping randomly (stuck).
  1491 | D:3      | 1491 ||| Stepping randomly (stuck).
  1492 | D:3      | 1492 ||| Stepping randomly (stuck).
  1493 | D:3      | 1493 ||| Stepping randomly (stuck).
  1494 | D:3      | 1494 ||| Stepping randomly (stuck).
  1495 | D:3      | 1495 ||| Stepping randomly (stuck).
  1496 | D:3      | 1496 ||| Stepping randomly (stuck).
  1497 | D:3      | 1497 ||| Stepping randomly (stuck).
  1498 | D:3      | 1498 ||| Stepping randomly (stuck).
  1499 | D:3      | 1499 ||| Stepping randomly (stuck).
  1500 | D:3      | 1500 ||| Stepping randomly (stuck).
  1501 | D:3      | 1501 ||| Stepping randomly (stuck).
  1502 | D:3      | 1502 ||| Stepping randomly (stuck).
  1503 | D:3      | 1503 ||| Stepping randomly (stuck).
  1504 | D:3      | 1504 ||| Stepping randomly (stuck).
  1505 | D:3      | 1505 ||| Stepping randomly (stuck).
  1506 | D:3      | 1506 ||| Stepping randomly (stuck).
  1507 | D:3      | 1507 ||| Stepping randomly (stuck).
  1508 | D:3      | 1508 ||| READING scroll of teleportation.
  1515 | D:3      | 1515 ||| Stepping randomly (stuck).
  1516 | D:3      | 1516 ||| Stepping randomly (stuck).
  1517 | D:3      | 1517 ||| Stepping randomly (stuck).
  1536 | D:3      | 1536 ||| Stepping randomly (stuck).
  1537 | D:3      | 1537 ||| Stepping randomly (stuck).
  1538 | D:3      | 1538 ||| Stepping randomly (stuck).
  1539 | D:3      | 1539 ||| Stepping randomly (stuck).
  1540 | D:3      | 1540 ||| Stepping randomly (stuck).
  1541 | D:3      | 1541 ||| Stepping randomly (stuck).
  1542 | D:3      | 1542 ||| Stepping randomly (stuck).
  1543 | D:3      | 1543 ||| Stepping randomly (stuck).
  1544 | D:3      | 1544 ||| Stepping randomly (stuck).
  1545 | D:3      | 1545 ||| Stepping randomly (stuck).
  1546 | D:3      | 1546 ||| Stepping randomly (stuck).
  1547 | D:3      | 1547 ||| Stepping randomly (stuck).
  1548 | D:3      | 1548 ||| Stepping randomly (stuck).
  1549 | D:3      | 1549 ||| Stepping randomly (stuck).
  1550 | D:3      | 1550 ||| Stepping randomly (stuck).
  1551 | D:3      | 1551 ||| Stepping randomly (stuck).
  1552 | D:3      | 1552 ||| Stepping randomly (stuck).
  1553 | D:3      | 1553 ||| Stepping randomly (stuck).
  1554 | D:3      | 1554 ||| Stepping randomly (stuck).
  1555 | D:3      | 1555 ||| Stepping randomly (stuck).
  1556 | D:3      | 1556 ||| Stepping randomly (stuck).
  1557 | D:3      | 1557 ||| Stepping randomly (stuck).
  1558 | D:3      | 1558 ||| Stepping randomly (stuck).
  1559 | D:3      | 1559 ||| Stepping randomly (stuck).
  1560 | D:3      | 1560 ||| Stepping randomly (stuck).
  1561 | D:3      | 1561 ||| Stepping randomly (stuck).
  1562 | D:3      | 1562 ||| Stepping randomly (stuck).
  1563 | D:3      | 1563 ||| Stepping randomly (stuck).
  1564 | D:3      | 1564 ||| Stepping randomly (stuck).
  1565 | D:3      | 1565 ||| Stepping randomly (stuck).
  1566 | D:3      | 1566 ||| Stepping randomly (stuck).
  1567 | D:3      | 1567 ||| Stepping randomly (stuck).
  1568 | D:3      | 1568 ||| Stepping randomly (stuck).
  1569 | D:3      | 1569 ||| Stepping randomly (stuck).
  1570 | D:3      | 1570 ||| Stepping randomly (stuck).
  1571 | D:3      | 1571 ||| Stepping randomly (stuck).
  1572 | D:3      | 1572 ||| Stepping randomly (stuck).
  1573 | D:3      | 1573 ||| Stepping randomly (stuck).
  1574 | D:3      | 1574 ||| Stepping randomly (stuck).
  1575 | D:3      | 1575 ||| Stepping randomly (stuck).
  1576 | D:3      | 1576 ||| Stepping randomly (stuck).
  1577 | D:3      | 1577 ||| Stepping randomly (stuck).
  1578 | D:3      | 1578 ||| Stepping randomly (stuck).
  1579 | D:3      | 1579 ||| Stepping randomly (stuck).
  1580 | D:3      | 1580 ||| Stepping randomly (stuck).
  1581 | D:3      | 1581 ||| Stepping randomly (stuck).
  1582 | D:3      | 1582 ||| Stepping randomly (stuck).
  1583 | D:3      | 1583 ||| Stepping randomly (stuck).
  1584 | D:3      | 1584 ||| Stepping randomly (stuck).
  1585 | D:3      | 1585 ||| Stepping randomly (stuck).
  1586 | D:3      | 1586 ||| Stepping randomly (stuck).
  1587 | D:3      | 1587 ||| Stepping randomly (stuck).
  1588 | D:3      | 1588 ||| Stepping randomly (stuck).
  1589 | D:3      | 1589 ||| Stepping randomly (stuck).
  1590 | D:3      | 1590 ||| Stepping randomly (stuck).
  1591 | D:3      | 1591 ||| Stepping randomly (stuck).
  1592 | D:3      | 1592 ||| Stepping randomly (stuck).
  1593 | D:3      | 1593 ||| Stepping randomly (stuck).
  1594 | D:3      | 1594 ||| Stepping randomly (stuck).
  1595 | D:3      | 1595 ||| Stepping randomly (stuck).
  1596 | D:3      | 1596 ||| Stepping randomly (stuck).
  1597 | D:3      | 1597 ||| Stepping randomly (stuck).
  1598 | D:3      | 1598 ||| Stepping randomly (stuck).
  1599 | D:3      | 1599 ||| Stepping randomly (stuck).
  1600 | D:3      | 1600 ||| Stepping randomly (stuck).
  1601 | D:3      | 1601 ||| Stepping randomly (stuck).
  1602 | D:3      | 1602 ||| Stepping randomly (stuck).
  1603 | D:3      | 1603 ||| Stepping randomly (stuck).
  1604 | D:3      | 1604 ||| Stepping randomly (stuck).
  1605 | D:3      | 1605 ||| Stepping randomly (stuck).
  1606 | D:3      | 1606 ||| Stepping randomly (stuck).
  1607 | D:3      | 1607 ||| Stepping randomly (stuck).
  1608 | D:3      | 1608 ||| Stepping randomly (stuck).
  1609 | D:3      | 1609 ||| Stepping randomly (stuck).
  1610 | D:3      | 1610 ||| Stepping randomly (stuck).
  1611 | D:3      | 1611 ||| Stepping randomly (stuck).
  1612 | D:3      | 1612 ||| Stepping randomly (stuck).
  1613 | D:3      | 1613 ||| Stepping randomly (stuck).
  1614 | D:3      | 1614 ||| Stepping randomly (stuck).
  1615 | D:3      | 1615 ||| Stepping randomly (stuck).
  1616 | D:3      | 1616 ||| Stepping randomly (stuck).
  1617 | D:3      | 1617 ||| Stepping randomly (stuck).
  1618 | D:3      | 1618 ||| Stepping randomly (stuck).
  1619 | D:3      | 1619 ||| Stepping randomly (stuck).
  1620 | D:3      | 1620 ||| Stepping randomly (stuck).
  1621 | D:3      | 1621 ||| Stepping randomly (stuck).
  1622 | D:3      | 1622 ||| Stepping randomly (stuck).
  1623 | D:3      | 1623 ||| Stepping randomly (stuck).
  1624 | D:3      | 1624 ||| Stepping randomly (stuck).
  1625 | D:3      | 1625 ||| Stepping randomly (stuck).
  1626 | D:3      | 1626 ||| Stepping randomly (stuck).
  1627 | D:3      | 1627 ||| Stepping randomly (stuck).
  1628 | D:3      | 1628 ||| Stepping randomly (stuck).
  1629 | D:3      | 1629 ||| Stepping randomly (stuck).
  1630 | D:3      | 1630 ||| Stepping randomly (stuck).
  1631 | D:3      | 1631 ||| Stepping randomly (stuck).
  1632 | D:3      | 1632 ||| Stepping randomly (stuck).
  1633 | D:3      | 1633 ||| Stepping randomly (stuck).
  1634 | D:3      | 1634 ||| Stepping randomly (stuck).
  1635 | D:3      | 1635 ||| Stepping randomly (stuck).
  1636 | D:3      | 1636 ||| Stepping randomly (stuck).
  1637 | D:3      | 1637 ||| Stepping randomly (stuck).
  1638 | D:3      | 1638 ||| Stepping randomly (stuck).
  1639 | D:3      | 1639 ||| Stepping randomly (stuck).
  1640 | D:3      | 1640 ||| Stepping randomly (stuck).
  1641 | D:3      | 1641 ||| Stepping randomly (stuck).
  1642 | D:3      | 1642 ||| Stepping randomly (stuck).
  1643 | D:3      | 1643 ||| Stepping randomly (stuck).
  1644 | D:3      | 1644 ||| Stepping randomly (stuck).
  1645 | D:3      | 1645 ||| Stepping randomly (stuck).
  1646 | D:3      | 1646 ||| Stepping randomly (stuck).
  1647 | D:3      | 1647 ||| Stepping randomly (stuck).
  1648 | D:3      | 1648 ||| Stepping randomly (stuck).
  1649 | D:3      | 1649 ||| Stepping randomly (stuck).
  1650 | D:3      | 1650 ||| Stepping randomly (stuck).
  1651 | D:3      | 1651 ||| Stepping randomly (stuck).
  1652 | D:3      | 1652 ||| Stepping randomly (stuck).
  1653 | D:3      | 1653 ||| Stepping randomly (stuck).
  1654 | D:3      | 1654 ||| Stepping randomly (stuck).
  1655 | D:3      | 1655 ||| Stepping randomly (stuck).
  1656 | D:3      | 1656 ||| Stepping randomly (stuck).
  1657 | D:3      | 1657 ||| Stepping randomly (stuck).
  1658 | D:3      | 1658 ||| Stepping randomly (stuck).
  1659 | D:3      | 1659 ||| Stepping randomly (stuck).
  1660 | D:3      | 1660 ||| Stepping randomly (stuck).
  1661 | D:3      | 1661 ||| Stepping randomly (stuck).
  1662 | D:3      | 1662 ||| Stepping randomly (stuck).
  1663 | D:3      | 1663 ||| Stepping randomly (stuck).
  1664 | D:3      | 1664 ||| Stepping randomly (stuck).
  1665 | D:3      | 1665 ||| Stepping randomly (stuck).
  1666 | D:3      | 1666 ||| Stepping randomly (stuck).
  1667 | D:3      | 1667 ||| Stepping randomly (stuck).
  1668 | D:3      | 1668 ||| Stepping randomly (stuck).
  1669 | D:3      | 1669 ||| Stepping randomly (stuck).
  1670 | D:3      | 1670 ||| Stepping randomly (stuck).
  1671 | D:3      | 1671 ||| Stepping randomly (stuck).
  1672 | D:3      | 1672 ||| Stepping randomly (stuck).
  1673 | D:3      | 1673 ||| Stepping randomly (stuck).
  1674 | D:3      | 1674 ||| Stepping randomly (stuck).
  1675 | D:3      | 1675 ||| Stepping randomly (stuck).
  1676 | D:3      | 1676 ||| Stepping randomly (stuck).
  1677 | D:3      | 1677 ||| Stepping randomly (stuck).
  1678 | D:3      | 1678 ||| Stepping randomly (stuck).
  1679 | D:3      | 1679 ||| Stepping randomly (stuck).
  1680 | D:3      | 1680 ||| Stepping randomly (stuck).
  1681 | D:3      | 1681 ||| Stepping randomly (stuck).
  1682 | D:3      | 1682 ||| Stepping randomly (stuck).
  1683 | D:3      | 1683 ||| Stepping randomly (stuck).
  1684 | D:3      | 1684 ||| Stepping randomly (stuck).
  1685 | D:3      | 1685 ||| Stepping randomly (stuck).
  1686 | D:3      | 1686 ||| Stepping randomly (stuck).
  1687 | D:3      | 1687 ||| Stepping randomly (stuck).
  1688 | D:3      | 1688 ||| Stepping randomly (stuck).
  1689 | D:3      | 1689 ||| Stepping randomly (stuck).
  1690 | D:3      | 1690 ||| Stepping randomly (stuck).
  1691 | D:3      | 1691 ||| Stepping randomly (stuck).
  1692 | D:3      | 1692 ||| Stepping randomly (stuck).
  1699 | D:3      | 1699 ||| Stepping randomly (stuck).
  1700 | D:3      | 1700 ||| Stepping randomly (stuck).
  1701 | D:3      | 1701 ||| Stepping randomly (stuck).
  1702 | D:3      | 1702 ||| Stepping randomly (stuck).
  1703 | D:3      | 1703 ||| Stepping randomly (stuck).
  1704 | D:3      | 1704 ||| Stepping randomly (stuck).
  1705 | D:3      | 1705 ||| Stepping randomly (stuck).
  1706 | D:3      | 1706 ||| Stepping randomly (stuck).
  1707 | D:3      | 1707 ||| Stepping randomly (stuck).
  1708 | D:3      | 1708 ||| Stepping randomly (stuck).
  1709 | D:3      | 1709 ||| Stepping randomly (stuck).
  1710 | D:3      | 1710 ||| Stepping randomly (stuck).
  1711 | D:3      | 1711 ||| Stepping randomly (stuck).
  1712 | D:3      | 1712 ||| Stepping randomly (stuck).
  1713 | D:3      | 1713 ||| Stepping randomly (stuck).
  1714 | D:3      | 1714 ||| Stepping randomly (stuck).
  1715 | D:3      | 1715 ||| Stepping randomly (stuck).
  1716 | D:3      | 1716 ||| Stepping randomly (stuck).
  1717 | D:3      | 1717 ||| Stepping randomly (stuck).
  1718 | D:3      | 1718 ||| Stepping randomly (stuck).
  1719 | D:3      | 1719 ||| Stepping randomly (stuck).
  1720 | D:3      | 1720 ||| Stepping randomly (stuck).
  1721 | D:3      | 1721 ||| Stepping randomly (stuck).
  1722 | D:3      | 1722 ||| Stepping randomly (stuck).
  1723 | D:3      | 1723 ||| Stepping randomly (stuck).
  1724 | D:3      | 1724 ||| Stepping randomly (stuck).
  1725 | D:3      | 1725 ||| Stepping randomly (stuck).
  1726 | D:3      | 1726 ||| Stepping randomly (stuck).
  1727 | D:3      | 1727 ||| Stepping randomly (stuck).
  1728 | D:3      | 1728 ||| Stepping randomly (stuck).
  1729 | D:3      | 1729 ||| Stepping randomly (stuck).
  1730 | D:3      | 1730 ||| Stepping randomly (stuck).
  1731 | D:3      | 1731 ||| Stepping randomly (stuck).
  1732 | D:3      | 1732 ||| Stepping randomly (stuck).
  1733 | D:3      | 1733 ||| Stepping randomly (stuck).
  1734 | D:3      | 1734 ||| Stepping randomly (stuck).
  1849 | D:2      | Reached XP level 5. HP: 32/32 MP: 5/5
  2108 | D:3      | Reached skill level 5 in Axes
  2507 | D:3      | 2507 ||| DROPPING +6 ring of intelligence.
  2508 | D:3      | 2508 ||| UPGRADING to ring of see invisible.
  2509 | D:3      | 2509 ||| READING 4 scrolls of identify.
  2509 | D:3      | 2509 ||| IDENTIFYING fuming dark potion
  2510 | D:3      | 2510 ||| READING 3 scrolls of identify.
  2510 | D:3      | 2510 ||| IDENTIFYING fizzy ruby potion
  2636 | D:4      | Reached XP level 6. HP: 39/39 MP: 6/6
  2636 | D:4      | Noticed Eustachio
  2668 | D:4      | HP: 8/39 [Eustachio/+2 falchion of electrocution (5)]
  2669 | D:4      | 2669 ||| DRINKING potion of heal wounds.
  2672 | D:4      | 2672 ||| FLEEEEING.
  2673 | D:4      | 2673 ||| FLEEEEING.
  2675 | D:4      | 2675 ||| FLEEEEING.
  2676 | D:4      | 2676 ||| STAIRDANCE
  2728 | D:3      | 2728 ||| UPGRADING to +2 scale mail of poison resistance.
  2738 | D:3      | 2738 ||| DROPPING +0 scale mail.
  2759 | D:4      | 2759 ||| STAIRDANCE
  2783 | D:4      | 2783 ||| STAIRDANCE
  2789 | D:3      | Killed Eustachio
  3044 | D:4      | Reached skill level 1 in Dodging
  3044 | D:4      | Reached XP level 7. HP: 44/44 MP: 7/7
  3057 | D:4      | 3057 ||| Stepping ~*~*~tactically~*~*~ (stealth).
  3335 | D:4      | 3335 ||| UPGRADING to +0 chain mail.
  3345 | D:4      | 3345 ||| DROPPING +2 scale mail of poison resistance.
  3346 | D:4      | 3346 ||| READING 4 scrolls of identify.
  3346 | D:4      | 3346 ||| IDENTIFYING orange potion
  3347 | D:4      | 3347 ||| READING 3 scrolls of identify.
  3347 | D:4      | 3347 ||| IDENTIFYING purple potion
  3363 | D:5      | Entered Level 5 of the Dungeon
  3364 | D:5      | 3364 ||| PLANNING OSSUARY
  3394 | D:5      | 3394 ||| DROPPING +0 whip.
  3413 | D:5      | Reached skill level 6 in Axes
  3467 | D:5      | 3467 ||| READING scroll of enchant armour.
  3467 | D:5      | 3467 ||| ENCHANTING +0 pair of gloves.
  3505 | D:5      | Noticed Edmund
  3527 | D:5      | HP: 10/44 [Edmund/puff of flame (9)]
  3528 | D:5      | 3528 ||| DRINKING potion of heal wounds.
  3536 | D:5      | Killed Edmund
  3630 | D:5      | 3630 ||| DROPPING +0 flail.
  3861 | D:5      | Found a sand-covered staircase.
  3876 | D:5      | 3876 ||| UPGRADING to +2 chain mail of cold resistance.
  3886 | D:5      | 3886 ||| DROPPING +0 chain mail.
  3892 | Ossuary  | Entered an ossuary
  3915 | Ossuary  | Reached skill level 7 in Axes
  3953 | Ossuary  | Reached XP level 8. HP: 49/49 MP: 8/8
  4060 | Ossuary  | Reached skill level 1 in Throwing
  4167 | Ossuary  | 4167 ||| READING 2 scrolls labelled PUATUC ANOI.
  4168 | Ossuary  | 4168 ||| READING scroll of brand weapon.
  4168 | Ossuary  | 4168 ||| BRANDING +0 war axe of protection.
  4169 | Ossuary  | 4169 ||| READING scroll labelled ULUOM ZUCARUOHISI.
  4169 | Ossuary  | Identified a scroll of acquirement
  4169 | Ossuary  | 4169 ||| ACQUIRING +2 heavy broad axe
  4169 | Ossuary  | Acquired a +2 heavy broad axe
  4171 | Ossuary  | 4171 ||| UPGRADING to +2 heavy broad axe.
  4172 | Ossuary  | 4172 ||| DROPPING +0 war axe of chaos.
  4173 | Ossuary  | 4173 ||| READING 2 scrolls labelled MUTIEN FEATUGG.
  4174 | Ossuary  | 4174 ||| READING scroll of enchant weapon.
  4174 | Ossuary  | 4174 ||| ENCHANTING +3 heavy broad axe.
  4175 | Ossuary  | 4175 ||| DRINKING 2 black potions.
  4176 | Ossuary  | 4176 ||| READING 4 scrolls of identify.
  4176 | Ossuary  | 4176 ||| IDENTIFYING metallic grey potion
  4177 | Ossuary  | 4177 ||| DROPPING potion of enlightenment.
  4189 | D:5      | 4189 ||| PLANNING D:1-11
  4265 | D:5      | 4265 ||| Stepping ~*~*~tactically~*~*~ (stealth).
  4266 | D:5      | 4266 ||| Stepping ~*~*~tactically~*~*~ (stealth).
  4271 | D:5      | 4271 ||| Stepping ~*~*~tactically~*~*~ (stealth).
  4275 | D:5      | Noticed Pikel
  4276 | D:5      | 4276 ||| Stepping ~*~*~tactically~*~*~ (stealth).
  4278 | D:5      | 4278 ||| Stepping ~*~*~tactically~*~*~ (hiding).
  4279 | D:5      | 4279 ||| Stepping ~*~*~tactically~*~*~ (hiding).
  4280 | D:5      | 4280 ||| Stepping ~*~*~tactically~*~*~ (hiding).
  4281 | D:5      | 4281 ||| Stepping ~*~*~tactically~*~*~ (hiding).
  4287 | D:5      | HP: 12/49 [disintegration (21)]
  4288 | D:5      | 4288 ||| READING 2 scrolls of teleportation.
  4556 | D:5      | 4556 ||| Stepping ~*~*~tactically~*~*~ (stealth).
  4563 | D:5      | 4563 ||| Stepping ~*~*~tactically~*~*~ (stealth).
  4564 | D:5      | 4564 ||| Stepping ~*~*~tactically~*~*~ (stealth).
  4567 | D:5      | 4567 ||| Stepping ~*~*~tactically~*~*~ (hiding).
  4578 | D:5      | Killed Pikel
  4579 | D:5      | Reached skill level 9 in Axes
  4925 | D:5      | 4925 ||| UPGRADING to +4 ring of protection.
  4926 | D:5      | 4926 ||| READING 4 scrolls of identify.
  4926 | D:5      | 4926 ||| IDENTIFYING red potion
  4927 | D:5      | 4927 ||| READING 3 scrolls of identify.
  4927 | D:5      | 4927 ||| IDENTIFYING fizzy clear potion
  4928 | D:5      | 4928 ||| DROPPING potion of degeneration.
  4978 | D:6      | 4978 ||| Stepping ~*~*~tactically~*~*~ (stealth).
  4995 | D:6      | 4995 ||| Stepping ~*~*~tactically~*~*~ (stealth).
  5020 | D:6      | 5020 ||| Stepping ~*~*~tactically~*~*~ (stealth).
  5039 | D:6      | Found a staircase to the Ecumenical Temple.
  5040 | D:6      | 5040 ||| PLANNING TEMPLE
  5040 | D:6      | 5040 ||| DRINKING potion of curing.
  5040 | D:6      | 5040 ||| (to cure confusion)
  5054 | D:6      | Reached XP level 9. HP: 55/55 MP: 9/9
  5067 | Temple   | Entered the Ecumenical Temple
  5114 | Temple   | 5114 ||| PLANNING OKAWARU WORSHIP
  5268 | Temple   | 5268 ||| READING scroll labelled OPNIXU KOM EMOFF.
  5373 | Temple   | Became a worshipper of Warmaster Okawaru
  5374 | Temple   | 5374 ||| PLANNING D:1-11
  5417 | D:6      | Reached skill level 6 in Fighting
  5432 | D:6      | 5432 ||| Stepping ~*~*~tactically~*~*~ (stealth).
  5434 | D:6      | 5434 ||| Stepping ~*~*~tactically~*~*~ (hiding).
  5436 | D:6      | 5436 ||| Stepping ~*~*~tactically~*~*~ (hiding).
  5673 | D:6      | HP: 13/55 [orc priest/divine providence (15)]
  5674 | D:6      | 5674 ||| READING scroll of teleportation.
  5675 | D:6      | 5675 ||| DRINKING 2 potions of heal wounds.
  5677 | D:6      | 5677 ||| FLEEEEING.
  5678 | D:6      | 5678 ||| FLEEEEING.
  6071 | D:6      | 6071 ||| READING scroll labelled XUIBISHUERO.
  6092 | D:7      | 6092 ||| Stepping ~*~*~tactically~*~*~ (hiding).
  6106 | D:7      | Noticed Maggie
  6115 | D:7      | HP: 4/57 [Maggie/bolt of fire (20)]
  6116 | D:7      | 6116 ||| DRINKING potion of heal wounds.
  6118 | D:7      | Killed Maggie
  6118 | D:7      | Reached * piety under Okawaru
  6119 | D:7      | 6119 ||| INVOKING Heroism.
  6121 | D:7      | Reached skill level 10 in Axes
  6121 | D:7      | Reached skill level 1 in Invocations
  6206 | D:7      | 6206 ||| INVOKING Heroism.
  6233 | D:7      | 6233 ||| Stepping ~*~*~tactically~*~*~ (stealth).
  6244 | D:7      | 6244 ||| Stepping ~*~*~tactically~*~*~ (stealth).
  6246 | D:7      | 6246 ||| Stepping ~*~*~tactically~*~*~ (stealth).
  6266 | D:7      | 6266 ||| INVOKING Heroism.
  6436 | D:7      | 6436 ||| Stepping ~*~*~tactically~*~*~ (hiding).
  6437 | D:7      | 6437 ||| Stepping ~*~*~tactically~*~*~ (hiding).
  6483 | D:7      | 6483 ||| DROPPING +0 flail of protection.
  6661 | D:7      | 6661 ||| INVOKING Heroism.
  6885 | D:7      | 6885 ||| Stepping ~*~*~tactically~*~*~ (hiding).
  6889 | D:7      | Reached skill level 3 in Invocations
  7027 | D:7      | Found a runed translucent door.
  7028 | D:7      | Noticed Crazy Yiuf
  7031 | D:7      | 7031 ||| UPGRADING to +0 pair of boots.
  7036 | D:7      | 7036 ||| UPGRADING to +5 ring of evasion.
  7038 | D:7      | 7038 ||| DROPPING ring of see invisible.
  7039 | D:7      | 7039 ||| READING scroll labelled IZYCKE JAWOO.
  7040 | D:7      | 7040 ||| DRINKING 2 fuming grey potions.
  7041 | D:7      | 7041 ||| READING 2 scrolls of identify.
  7041 | D:7      | 7041 ||| IDENTIFYING fuming emerald potion
  7042 | D:7      | 7042 ||| DROPPING potion of brilliance.
  7107 | D:8      | Reached XP level 10. HP: 62/64 MP: 12/12
  7115 | D:8      | 7115 ||| INVOKING Heroism.
  7193 | D:8      | 7193 ||| Stepping ~*~*~tactically~*~*~ (stealth).
  7301 | D:8      | Reached ** piety under Okawaru
  7335 | D:8      | 7335 ||| Stepping ~*~*~tactically~*~*~ (hiding).
  7392 | D:8      | Found a runed translucent gate.
  7393 | D:8      | Found a runed translucent gate.
  7394 | D:8      | Found a runed translucent gate.
  7394 | D:8      | Noticed qw's ghost (novice GrFi)
  7569 | D:8      | Noticed qw's ghost (novice GrHu)
  7571 | D:8      | Noticed qw's ghost (novice NaHu)
  7573 | D:8      | Noticed qw's ghost (novice GrFi)
  7712 | D:8      | 7712 ||| UPGRADING to amulet of faith.
  7739 | D:9      | 7739 ||| INVOKING Heroism.
  7921 | D:9      | 7921 ||| INVOKING Heroism.
  7927 | D:9      | Reached skill level 11 in Axes
  7931 | D:9      | Reached skill level 6 in Armour
  7936 | D:9      | Reached *** piety under Okawaru
  7941 | D:9      | 7941 ||| INVOKING Heroism.
  7944 | D:9      | Reached skill level 9 in Fighting
  7944 | D:9      | 7944 ||| FLEEEEING.
  7944 | D:9      | HP: 16/66 [electric eel/bolt of electricity (1)]
  7945 | D:9      | 7945 ||| READING 3 scrolls of teleportation.
  7946 | D:9      | HP: 7/66 [electric eel/bolt of electricity (1)]
  7947 | D:9      | 7947 ||| FLEEEEING.
  7947 | D:9      | HP: 3/66 [electric eel/bolt of electricity (4)]
  7959 | D:9      | 7959 ||| INVOKING Heroism.
  7962 | D:9      | 7962 ||| READING 2 scrolls of teleportation.
  8199 | D:9      | 8199 ||| INVOKING Heroism.
  8200 | D:9      | Found a staircase to the Lair.
  8202 | D:9      | 8202 ||| Stepping ~*~*~tactically~*~*~ (water).
  8207 | D:9      | Reached XP level 11. HP: 55/71 MP: 12/14
  8338 | D:9      | 8338 ||| Stepping ~*~*~tactically~*~*~ (hiding).
  8342 | D:9      | Received a gift from Okawaru
  8456 | D:9      | 8456 ||| READING scroll of enchant armour.
  8456 | D:9      | 8456 ||| ENCHANTING +1 pair of gloves.
  8462 | D:9      | Found a stormy altar of Qazlal.
  8717 | D:9      | Found a shimmering blue altar of Sif Muna.
  8784 | D:9      | 8784 ||| PLANNING LAIR
  8809 | Lair:1   | Entered Level 1 of the Lair of Beasts
  8810 | Lair:1   | 8810 ||| PLANNING GAUNTLET
  8812 | Lair:1   | 8812 ||| INVOKING Heroism.
  8834 | Lair:1   | 8834 ||| Stepping ~*~*~tactically~*~*~ (stealth).
  8836 | Lair:1   | 8836 ||| Stepping ~*~*~tactically~*~*~ (stealth).
  8844 | Lair:1   | 8844 ||| INVOKING Heroism.
  8852 | Lair:1   | Reached skill level 12 in Axes
  8853 | Lair:1   | Reached **** piety under Okawaru
  8864 | Lair:1   | 8864 ||| INVOKING Heroism.
  8866 | Lair:1   | Reached skill level 6 in Shields
  8891 | Lair:1   | 8891 ||| INVOKING Heroism.
  8892 | Lair:1   | 8892 ||| Stepping ~*~*~tactically~*~*~ (water).
  8930 | Lair:1   | 8930 ||| FLEEEEING.
  8931 | Lair:1   | 8931 ||| FLEEEEING.
  8935 | Lair:1   | 8935 ||| FLEEEEING.
  8936 | Lair:1   | 8936 ||| FLEEEEING.
  8937 | Lair:1   | 8937 ||| FLEEEEING.
  8938 | Lair:1   | 8938 ||| FLEEEEING.
  8939 | Lair:1   | 8939 ||| STAIRDANCE
  8969 | D:9      | 8969 ||| READING scroll labelled VODUYPLAGGA.
  8987 | Lair:1   | Reached ***** piety under Okawaru
  9035 | Lair:1   | 9035 ||| INVOKING Heroism.
  9043 | Lair:1   | Reached skill level 6 in Invocations
  9075 | Lair:1   | Found a transporter.
  9076 | Lair:1   | Noticed a catoblepas
  9077 | Lair:1   | 9077 ||| Stepping ~*~*~tactically~*~*~ (hiding).
  9083 | Lair:1   | 9083 ||| INVOKING Heroism.
  9089 | Lair:1   | Killed a catoblepas
  9303 | Lair:1   | 9303 ||| RIP GAUNTLET
  9313 | Lair:1   | 9313 ||| PLANNING LAIR
  9313 | Lair:1   | 9313 ||| INVOKING Heroism.
  9347 | Lair:1   | 9347 ||| INVOKING Heroism.
  9399 | Lair:1   | Found the +3 crown of Dyrovepreva {rElec Int+2 SInv}
  9400 | Lair:1   | Found a transporter.
  9402 | Lair:1   | Noticed a swamp dragon
  9403 | Lair:1   | Noticed a swamp dragon
  9425 | Lair:1   | 9425 ||| INVOKING Heroism.
  9441 | Lair:1   | HP: 18/72 [swamp worm (15)]
  9442 | Lair:1   | 9442 ||| READING scroll of teleportation.
  9443 | Lair:1   | 9443 ||| DRINKING potion of heal wounds.
  9709 | Lair:1   | 9709 ||| INVOKING Heroism.
  9791 | Lair:1   | 9791 ||| Stepping ~*~*~tactically~*~*~ (hiding).
  9793 | Lair:1   | 9793 ||| INVOKING Heroism.
  9797 | Lair:1   | Received a gift from Okawaru
 10032 | Lair:1   | 10032 ||| UPGRADING to +1 helmet.
 10037 | Lair:1   | 10037 ||| READING 4 scrolls of identify.
 10037 | Lair:1   | 10037 ||| IDENTIFYING murky ruby potion
 10038 | Lair:1   | 10038 ||| DROPPING potion of invisibility.
 10070 | Lair:2   | 10070 ||| INVOKING Heroism.
 10077 | Lair:2   | Reached XP level 12. HP: 64/77 MP: 15/17
 10148 | Lair:2   | Noticed a five-headed hydra
 10149 | Lair:2   | 10149 ||| Stepping ~*~*~tactically~*~*~ (stealth).
 10151 | Lair:2   | 10151 ||| Stepping ~*~*~tactically~*~*~ (stealth).
 10153 | Lair:2   | 10153 ||| INVOKING Heroism.
 10155 | Lair:2   | 10155 ||| Stepping ~*~*~tactically~*~*~ (stealth).
 10159 | Lair:2   | 10159 ||| SWAPPING to +1 flail of protection.
 10169 | Lair:2   | Killed a five-headed hydra
 10169 | Lair:2   | Received a gift from Okawaru
 10236 | Lair:2   | 10236 ||| FLEEEEING.
 10237 | Lair:2   | 10237 ||| FLEEEEING.
 10241 | Lair:2   | 10241 ||| FLEEEEING.
 10242 | Lair:2   | 10242 ||| STAIRDANCE
 10281 | Lair:1   | 10281 ||| UPGRADING to +4 heavy broad axe.
 10292 | Lair:2   | 10292 ||| STAIRDANCE
 10457 | Lair:2   | 10457 ||| Stepping ~*~*~tactically~*~*~ (stealth).
 10588 | Lair:2   | Reached skill level 9 in Invocations
 10683 | Lair:2   | Found a staircase to the Snake Pit.
 10691 | Lair:2   | 10691 ||| Stepping ~*~*~tactically~*~*~ (stealth).
 10692 | Lair:2   | 10692 ||| Stepping ~*~*~tactically~*~*~ (stealth).
 10693 | Lair:2   | 10693 ||| INVOKING Heroism.
 10695 | Lair:2   | Reached skill level 3 in Throwing
 10695 | Lair:2   | 10695 ||| Stepping ~*~*~tactically~*~*~ (stealth).
 10696 | Lair:2   | 10696 ||| Stepping ~*~*~tactically~*~*~ (stealth).
 10845 | Lair:2   | 10845 ||| DROPPING ring of willpower.
 10860 | Lair:3   | 10860 ||| Stepping ~*~*~tactically~*~*~ (hiding).
 10866 | Lair:3   | 10866 ||| INVOKING Heroism.
 10982 | Lair:3   | 10982 ||| Stepping ~*~*~tactically~*~*~ (stealth).
 10984 | Lair:3   | 10984 ||| Stepping ~*~*~tactically~*~*~ (stealth).
 10986 | Lair:3   | 10986 ||| Stepping ~*~*~tactically~*~*~ (stealth).
 11067 | Lair:3   | 11067 ||| INVOKING Heroism.
 11068 | Lair:3   | Found a staircase to the Swamp.
 11159 | Lair:3   | Found a runed translucent gate.
 11159 | Lair:3   | Found a runed translucent gate.
 11159 | Lair:3   | Found a runed translucent gate.
 11161 | Lair:3   | Noticed qw's ghost (journeyman NaHu)
 11162 | Lair:3   | Noticed a nine-headed hydra
 11162 | Lair:3   | Noticed a ten-headed hydra
 11228 | Lair:3   | 11228 ||| DROPPING +0 flail of venom.
 11265 | Lair:3   | 11265 ||| INVOKING Heroism.
 11272 | Lair:3   | 11272 ||| Stepping ~*~*~tactically~*~*~ (stealth).
 11276 | Lair:3   | Identified the +2 helmet "Vehies" {rPois} (Okawaru gifted
                  | it to you on level 3 of the Lair of Beasts)
 11276 | Lair:3   | Received a gift from Okawaru
 11311 | Lair:3   | 11311 ||| Stepping ~*~*~tactically~*~*~ (stealth).
 11312 | Lair:3   | 11312 ||| Stepping ~*~*~tactically~*~*~ (stealth).
 11350 | Lair:3   | Reached skill level 13 in Axes
 11403 | Lair:3   | 11403 ||| Stepping ~*~*~tactically~*~*~ (stealth).
 11734 | Lair:3   | 11734 ||| UPGRADING to +2 helmet "Vehies" {rPois}.
 11744 | Lair:3   | 11744 ||| DROPPING +1 helmet.
 11745 | Lair:3   | 11745 ||| DRINKING 2 glowing sapphire potions.
 11783 | Lair:4   | Noticed a skyshark
 11784 | Lair:4   | 11784 ||| INVOKING Heroism.
 11790 | Lair:4   | Killed a skyshark
 11805 | Lair:4   | Noticed Sonja
 11806 | Lair:4   | 11806 ||| INVOKING Finesse.
 11809 | Abyss:2  | Cast into level 2 of the Abyss (Sonja)
 11892 | Abyss:2  | 11892 ||| Stepping ~*~*~tactically~*~*~ (stealth).
 11893 | Abyss:2  | 11893 ||| Stepping ~*~*~tactically~*~*~ (stealth).
 11924 | Abyss:2  | Noticed a tentacled starspawn
 11928 | Abyss:2  | 11928 ||| INVOKING Heroism.
 11930 | Abyss:2  | Killed a tentacled starspawn
 11931 | Abyss:2  | Reached XP level 13. HP: 58/82 MP: 17/20
 11933 | Abyss:2  | 11933 ||| Stepping ~*~*~tactically~*~*~ (stealth).
 12017 | Abyss:2  | 12017 ||| Stepping ~*~*~tactically~*~*~ (stealth).
 12025 | Abyss:2  | 12025 ||| INVOKING Heroism.
 12030 | Abyss:2  | HP: 20/82 [wretched star/lance of force (28)]
 12031 | Abyss:2  | 12031 ||| DRINKING 2 potions of heal wounds.
 12078 | Abyss:2  | 12078 ||| Stepping ~*~*~tactically~*~*~ (stealth).
 12101 | Abyss:2  | 12101 ||| Stepping ~*~*~tactically~*~*~ (stealth).
 12105 | Abyss:2  | 12105 ||| Stepping ~*~*~tactically~*~*~ (stealth).
 12106 | Abyss:2  | 12106 ||| Stepping ~*~*~tactically~*~*~ (stealth).
 12107 | Abyss:2  | 12107 ||| Stepping ~*~*~tactically~*~*~ (stealth).
 12153 | Abyss:2  | 12153 ||| Stepping ~*~*~tactically~*~*~ (stealth).
 12162 | Abyss:2  | Noticed a daeva
 12165 | Abyss:2  | 12165 ||| INVOKING Heroism.
 12166 | Abyss:2  | HP: 13/65 [daeva/divine providence (13)]
 12167 | Abyss:2  | 12167 ||| DRINKING potion of heal wounds.
 12167 | Abyss:2  | HP: 5/65 [daeva/+5 eudemon blade of holy wrath (15)]
 12168 | Abyss:2  | Mangled by a daeva

Levels and vault maps discovered:
D:1:      dpeg_arrival_tiny_f, layout_basic, serial_bayou_lagoon_a,
          chequers_garden
D:2:      layout_basic, nicolae_half_adder
D:3:      layout_loops_ring, chequers_serial_rivers_small_3
D:4:      layout_basic, uniq_eustachio
D:5:      layout_loops_ring, gup_ossuary_entry_pyramid,
          kennysheep_generic_room_16, uniq_pikel, uniq_edmund
D:6:      layout_basic, temple_pool_b
D:7:      layout_basic, nicolae_the_louvre, uniq_maggie, uniq_crazy_yiuf_cottage
D:8:      layout_rooms, gammafunk_ghost_cemetery, serial_demonic,
          serial_demonic_e, serial_demonic_e, serial_demonic_g,
          serial_demonic_g, serial_demonic_g, serial_demonic_f
D:9:      layout_irregular_city, kennysheep_orc_sif_temple,
          mainiacjoe_overflow_alcove_4, erik_lair_island, feat_on_display
Temple:   mainiacjoe_temple_bowtie_tessellation
Lair:1:   gammafunk_cloud_chamber, layout_misc_corridors,
          gauntlet_entry_generic, st_stairs_8, nicolae_quartered_pool_little,
          worms_lemuel
Lair:2:   layout_roguey, minmay_snake_entry_six_corridors
Lair:3:   layout_roguey, swamp_mist_pool, gammafunk_ghost_hydra_chop,
          grunt_megastairs_5
Lair:4:   layout_hall_layers, enter_volcano_4, uniq_snorg, uniq_sonja
Abyss:2:  base:
D:9

Skill      XL: |  1  2  3  4  5  6  7  8  9 10 11 12 |
---------------+-------------------------------------+-----
Axes           | 2 3 4 5 7 9 10 11 12 13 | 13.4
Fighting       | 4 5 7 9 10 | 10.0
Dodging        | 1 2 |  2.0
Throwing       | 1 2 5 |  5.2
Armour         | 5 6 7 8 |  8.7
Shields        | 4 5 6 |  6.1
Invocations    | 3 4 7 10 | 10.0

Action                     |  1- 3 |  4- 6 |  7- 9 | 10-12 | 13-15 || total
---------------------------+-------+-------+-------+-------+-------++-------
  Melee: War axe           |   101 |   181 |   117 |       |       ||   399
         Broad axe         |       |       |   116 |   329 |    22 ||   467
         Flail             |       |       |       |    73 |       ||    73
  Throw: Boomerang         |       |       |    85 |    70 |     6 ||   161
         Javelin           |       |       |       |    28 |       ||    28
 Invoke: Heroism           |       |       |     4 |    25 |     2 ||    31
         Finesse           |       |       |       |     1 |       ||     1
    Use: Scroll            |     4 |     5 |    17 |     6 |       ||    32
         Potion            |       |     1 |     6 |     2 |     2 ||    11
 Armour: Scale mail        |    42 |   108 |    10 |       |       ||   160
         Chain mail        |       |       |   177 |   302 |    30 ||   509
  Dodge: Dodged            |    41 |    93 |   112 |   359 |    36 ||   641
  Block: Buckler           |    20 |    31 |    53 |   148 |    15 ||   267

Table legend:
 A = Non-vault XP
 B = Vault XP
 C = Vault XP percentage of total XP
 D = Non-vault monster count
 E = Vault monster count
 F = Vault count percentage of total count
                 A         B        C        D         E       F
            +---------+---------+-------+---------+---------+-------
      Total |   29995 |    5149 |  14.7 |     270 |      54 |  16.7
            +---------+---------+-------+---------+---------+-------
        D:1 |      30 |       0 |   0.0 |      16 |       0 |   0.0
        D:2 |      87 |      26 |  23.0 |      21 |       2 |   8.7
        D:3 |     121 |     197 |  61.9 |      20 |       1 |   4.8
        D:4 |     204 |       0 |   0.0 |      10 |       0 |   0.0
        D:5 |     373 |     834 |  69.1 |       8 |       4 |  33.3
        D:6 |    1036 |       0 |   0.0 |      35 |       0 |   0.0
        D:7 |     959 |     398 |  29.3 |      24 |       1 |   4.0
        D:8 |    1124 |     116 |   9.4 |      19 |       5 |  20.8
        D:9 |    3179 |     829 |  20.7 |      34 |      11 |  24.4
     Lair:1 |    7491 |     794 |   9.6 |      31 |       5 |  13.9
     Lair:2 |    4960 |    1367 |  21.6 |      19 |       7 |  26.9
     Lair:3 |    4453 |     251 |   5.3 |      17 |       2 |  10.5
     Lair:4 |    2627 |       0 |   0.0 |       8 |       0 |   0.0
    Abyss:2 |    3351 |       0 |   0.0 |       8 |       0 |   0.0
    Ossuary |       0 |     337 | 100.0 |       0 |      16 | 100.0
            +---------+---------+-------+---------+---------+-------
